 Dungeon Crawl Stone Soup version 0.31.0-11-ge490571c62 (webtiles) character file.

Game seed: 11360914370825458440

1393 Faeranduil the Conjurer (level 8, -10/46 HPs)
             Began as an Octopode Alchemist on Feb 5, 2024.
             Was an Initiate of Vehumet.
             Killed themself with a badly aimed iceblast (14 damage)
             ... on level 7 of the Dungeon on Feb 7, 2024.
             The game lasted 00:21:30 (9566 turns).

Faeranduil the Conjurer (Octopode Alchemist)        Turns: 9566, Time: 00:21:31

Health: -10/46     AC:  1    Str:  8    XL:     8   Next: 68%
Magic:  9/15       EV: 13    Int: 19    God:    Vehumet [......]
Gold:   298        SH:  0    Dex: 12    Spells: 11/17 levels left

rFire   . . .        c - +0 dagger (flame)
rCold   . . .        (no shield)
rNeg    . . .        (helmet restricted)
rPois   .            (no amulet)
rElec   .            n - ring of see invisible
rCorr   .            (no ring)
SInv    +            (no ring)
Will    .....        (no ring)
Stlth   +++          (no ring)
HPRegen 0.27/turn    (no ring)
MPRegen 0.14/turn    (no ring)
                     (no ring)

%: no passive effects
@: no status effects
A: almost no armour, amphibious, 8 rings, camouflage 1, gelatinous body 1,
(nimble swimmer 1), tentacles
a: Renounce Religion


You were on level 7 of the Dungeon.
You worshipped Vehumet.
Vehumet was noncommittal.
You visited 2 branches of the dungeon, and saw 8 of its levels.

You collected 298 gold pieces.

Inventory:

Hand Weapons
 c - a +0 dagger of flaming (weapon)
Missiles
 s - 2 throwing nets
Jewellery
 n - a ring of see invisible (left tentacle)
Wands
 e - a wand of iceblast (8)
 w - a wand of digging (4)
Scrolls
 b - 2 scrolls of immolation
 i - a scroll of amnesia {unknown}
 k - 2 scrolls of noise
 l - 2 scrolls of teleportation {unknown}
 m - a scroll of silence {unknown}
 o - 2 scrolls of enchant armour {unknown}
 t - a scroll of fear {unknown}
 u - a scroll of vulnerability {unknown}
Potions
 a - 2 potions of attraction
 d - a potion of lignification {unknown}
 j - a potion of haste {unknown}
 p - 2 potions of might {unknown}
 q - a potion of resistance {unknown}
 r - 3 potions of enlightenment
 v - 2 potions of mutation {unknown}
 x - a potion of cancellation {unknown}


   Skills:
 - Level 2.0 Dodging
 - Level 2.6 Stealth
 + Level 5.3 Spellcasting
 * Level 7.8 Conjurations
 - Level 4.0 Air Magic
 - Level 3.2 Alchemy


You had 11 spell levels left.
You knew the following spells:

 Your Spells              Type           Power      Damage    Failure   Level
a - Sting                 Conj/Alch      100%       1d9       1%          1
d - Mephitic Cloud        Conj/Alch/Air  24%        N/A       4%          3
f - Mercury Vapours       Alch/Air       36%        N/A       4%          2

Your spell library contained the following spells:

 Spells                   Type           Power      Damage    Failure   Level
 Dazzling Flash           Conj/Hex       38%        N/A       8%          3
 Hailstorm                Conj/Ice       19%        3d7       8%          3
 Apportation              Tloc           10%        N/A       12%         1
 Freeze                   Ice            20%        1d4       12%         1
 Call Imp                 Summ           10%        N/A       19%         2
 Lesser Beckoning         Tloc           10%        N/A       19%         2
 Sublimation of Blood     Necr           5%         N/A       19%         2
 Olgreb's Toxic Radiance  Alch           17%        N/A       30%         4
 Frozen Ramparts          Ice            10%        1d2       36%         3
 Gell's Gravitas          Tloc           5%         N/A       36%         3
 Teleport Other           Tloc           5%         N/A       36%         3
 Volatile Blastmotes      Fire/Tloc      10%        2d10      36%         3
 Sticky Flame             Fire/Alch      11%        2d5       52%         4
 Starburst                Conj/Fire      9%         6d5       98%         6
 Sculpt Simulacrum        Ice/Alch       5%         N/A       100%        6
 Summon Hydra             Summ           2%         N/A       100%        7
 Maxwell's Capacitive Co  Air            10%        ∞         100%        8


Dungeon Overview and Level Annotations

Branches:
Dungeon (7/15)             Temple (1/1) D:5

Altars:
Cheibriados
Elyvilon
Fedhas
Gozag
Hepliaklqana
Makhleb
Qazlal
Uskayaw
Vehumet
Wu Jian
Yredelemnul
The Shining One

Shops:
D:2 (   D:7 ??[

Annotations:
D:3 2 runed translucent doors, Nehushtan's ghost, novice GnHu
D:7 can't reach, Joseph


Innate Abilities, Weirdness & Mutations

You cannot wear most types of armour.
You are amphibious.
You can wear up to eight rings at the same time.
Your skin changes colour to match your surroundings (Stealth+).
Your rubbery body absorbs attacks. (AC +1, EV +1)
((You are camouflaged when in or above water. (Stealth+)))
You have tentacles for arms and can constrict up to eight enemies at once.


Message History

Your attacks no longer feel as feeble.
The ice beast is no longer weakened.
Casting: Sting (safe; 1% risk of failure)
Confirm with . or Enter, or press ? or * to list all spells.
Aiming: Sting (safe; 1% risk of failure)
Press: ? - help, Shift-Dir - straight line, f/p - ice beast
Aim: an ice beast (moderately wounded, poisoned, 78% to hit)
The sting hits the ice beast but does no damage.
The ice beast looks even sicker.
The ice beast is moderately wounded.
The ice beast hits you. The ice beast freezes you!
Casting: Sting (safe; 1% risk of failure)
Confirm with . or Enter, or press ? or * to list all spells.
Aiming: Sting (safe; 1% risk of failure)
Press: ? - help, Shift-Dir - straight line, f/p - ice beast
Aim: an ice beast (moderately wounded, very poisoned, 78% to hit)
The sting hits the ice beast but does no damage.
The ice beast looks even sicker.
The ice beast is moderately wounded.
The ice beast closely misses you.
The ice beast attacks as it pursues you!
The ice beast hits you.
* * * LOW HITPOINT WARNING * * *
The ice beast freezes you.
* * * LOW HITPOINT WARNING * * *
You feel better. The ice beast closely misses you.
You feel better. The ice beast hits you. The ice beast freezes you!
* * * LOW HITPOINT WARNING * * *
Okay, then.
Okay, then.
Unknown command.
Unknown command.
Aiming: Iceblast
Press: ? - help, Shift-Dir - straight line, f/p - ice beast
Aim: an ice beast (heavily wounded, very poisoned)
The mass of ice explodes!
The iceblast engulfs the ice beast!
The ice beast partially resists.
The ice beast is severely wounded.
The iceblast engulfs you!
You die...

#....## +.....# #.[...#
#### ####+##.....#
#..###...........#
.....#..<.#...........#
.....#.(..#...........#
.....#..###....Y@<....#
.....#..#.....#########
.....#..#.....#
.....#..#.....#
.....#..#.....#
.....'..#.....# +
.....#+##.....##+#####...
.........................
.........................


You could see an ice beast (very poisoned).

Vanquished Creatures
  A water moccasin (D:6)
  An ice beast (D:6)
  An orc warrior (D:6)
  3 ogres
  A phantom (D:5)
  A kobold brigand (D:6)
  A gnoll sergeant (D:6)
  A bombardier beetle (D:5)
  3 hounds
  2 jellies
  A gnoll bouda (D:5)
  A sleepcap (D:5)
  Jessica (D:2)
  2 iguanas
  An orc wizard (D:6)
  A mummy (D:6)
  9 gnolls
  10 adders
  2 ufetubi (D:6)
  5 dart slugs
  A ribbon worm (D:5)
  7 orcs
  4 ball pythons
  7 endoplasms
  3 giant cockroaches
  7 goblins
  10 hobgoblins
  12 jackals
  2 quokkas
  3 bats
  7 frilled lizards
  8 kobolds
  2 kobold zombies (D:6)
  2 orc zombies (D:6)
  6 rats
129 creatures vanquished.

Notes
Turn   | Place    | Note
-------+----------+-------------------------------------------
     0 | D:1      | Faeranduil the Octopode Alchemist began the quest for the
                  | Orb.
     0 | D:1      | Reached XP level 1. HP: 11/11 MP: 3/3
   200 | D:1      | Reached XP level 2. HP: 17/17 MP: 0/5
   315 | D:1      | Reached skill level 2 in Conjurations
   522 | D:1      | Reached XP level 3. HP: 21/21 MP: 2/6
  1750 | D:2      | Noticed Jessica
  1754 | D:2      | Killed Jessica
  1755 | D:2      | Reached skill level 3 in Conjurations
  1755 | D:2      | Reached XP level 4. HP: 27/27 MP: 2/8
  2572 | D:2      | Found Qoleqiol's Weapon Shop.
  3165 | D:2      | Reached XP level 5. HP: 30/31 MP: 4/9
  3581 | D:3      | Learned a level 2 spell: Mercury Vapours
  3695 | D:3      | Found a runed translucent door.
  3695 | D:3      | Noticed Nehushtan's ghost (novice GnHu)
  3772 | D:3      | Reached skill level 4 in Conjurations
  3848 | D:3      | Found a runed translucent door.
  5053 | D:5      | Entered Level 5 of the Dungeon
  5186 | D:5      | Reached XP level 6. HP: 36/36 MP: 6/11
  5228 | D:5      | Found an opulent altar of Gozag.
  5457 | D:5      | Reached skill level 1 in Air Magic
  5713 | D:5      | Reached skill level 5 in Conjurations
  6070 | D:5      | Found a burning altar of Makhleb.
  6083 | D:5      | Found a staircase to the Ecumenical Temple.
  6118 | D:5      | Reached XP level 7. HP: 32/41 MP: 7/13
  6239 | Temple   | Entered the Ecumenical Temple
  6256 | Temple   | Became a worshipper of Vehumet
  6279 | D:5      | Learned a level 3 spell: Mephitic Cloud
  6450 | D:5      | Reached skill level 6 in Conjurations
  6762 | D:6      | Got the Secrets of the Catalyst and the Jaunt
  7296 | D:6      | Reached XP level 8. HP: 22/46 MP: 4/14
  8033 | D:6      | Reached skill level 7 in Conjurations
  8153 | D:6      | Reached skill level 5 in Spellcasting
  9307 | D:7      | Found Ycen's Armour Shop.
  9307 | D:7      | Found Cefemuah's Magic Scroll Shop.
  9307 | D:7      | Found Nihouxep's Magic Scroll Shop.
  9492 | D:7      | Noticed Joseph
  9566 | D:7      | Killed themself with a badly aimed iceblast

Illustrated notes

Levels and vault maps discovered:
D:1:      dpeg_arrival_radiant, layout_basic
D:2:      layout_basic, serial_shops, shop, kennysheep_generic_room_6,
          uniq_jessica
D:3:      layout_rooms, ebering_ghost_sewer_f
D:4:      layout_basic
D:5:      layout_basic, grunt_gozag_breadcrumbs, makhleb_heckhound_becter,
          minmay_temple_entry_gardened_gates, kennysheep_crisscross
D:6:      layout_loops_cross, corexii_shack, minmay_mini_ossuary
D:7:      layout_gridville, lemuel_blue_sif_altar,
          nicolae_shop_distant_corner_stores, uniq_joseph
Temple:   hellmonk_temple_beads

Skill      XL: |  1  2  3  4  5  6  7  8 |
---------------+-------------------------+-----
Conjurations   | 2 3 4 5 6 7 |  7.8
Spellcasting   | 3 4 5 |  5.3
Air Magic      | 2 3 4 |  4.0
Dodging        | |  2.0
Stealth        | |  2.6
Alchemy        | |  3.2

Action                     |  1- 3 |  4- 6 |  7- 9 || total
---------------------------+-------+-------+-------++-------
  Melee: Unarmed           |     5 |       |       ||     5
         Constrict         |     7 |     2 |     1 ||    10
         Dagger            |    12 |    15 |     5 ||    32
         Tentacles         |     3 |     5 |       ||     8
  Throw: Throwing net      |       |     2 |       ||     2
   Cast: Sting             |    62 |   161 |   153 ||   376
         Mercury Vapours   |       |       |    14 ||    14
         Mephitic Cloud    |       |       |     3 ||     3
    Use: Potion            |     1 |     2 |     3 ||     6
         Scroll            |       |     2 |     7 ||     9
   Stab: Sleeping          |     1 |       |       ||     1
 Armour: Skin              |    21 |    34 |    44 ||    99
  Dodge: Dodged            |    28 |    66 |    51 ||   145
